 Dungeon Crawl Stone Soup version 0.20.2-3-g29329e0561 (webtiles) character file.

429 Alfie the Shield-Bearer (level 6, -2/52 HPs)
             Began as a Hill Orc Fighter on Nov 30, 2023.
             Killed by nerve-wracking pain
             ... invoked by Grinder
              (13 damage)
             ... on level 3 of the Dungeon.
             The game lasted 00:05:23 (2252 turns).

Alfie the Shield-Bearer (Hill Orc Fighter)          Turns: 2252, Time: 00:05:23

Health: -2/52      AC:  8    Str: 21    XL:     6   Next: 98%
Magic:  6/6        EV:  8    Int:  8    God:
Gold:   50         SH: 10    Dex: 10    Spells: 5/5 levels left

rFire    . . .     SeeInvis .   a - +0 rapier
rCold    . . .     Gourm    .   c - +0 shield
rNeg     . . .     Faith    .   b - +0 scale mail
rPois    .         Spirit   .   (no helmet)
rElec    .         Reflect  .   (no cloak)
rCorr    .         Harm     .   (no gloves)
MR       .....                  q - +0 pair of boots
Stlth    ..........             (no amulet)
Regen    0.2/turn               (no ring)
MPRegen  0.1/turn               (no ring)

@: no status effects
A: no striking features
a: no special abilities


You were on level 3 of the Dungeon.
You were not hungry.

You visited 1 branch of the dungeon, and saw 3 of its levels.

You collected 50 gold pieces.

Inventory:

Hand Weapons
 a - a +0 rapier (weapon)
Armour
 b - a +0 scale mail (worn)
 c - a +0 shield (worn)
 q - a +0 pair of boots (worn)
Jewellery
 d - an uncursed ring of ice {unknown}
 i - a cursed -4 ring of protection {unknown}
 m - an uncursed ring of magical power {unknown}
Scrolls
 e - a scroll of teleportation {unknown}
 g - 2 scrolls of magic mapping {unknown}
 k - a scroll of recharging {unknown}
 l - 3 scrolls of remove curse {unknown}
 n - 3 scrolls of identify {unknown}
Potions
 j - a potion of mutation {unknown}
 o - 3 potions of flight
Books
 r - Vehumet's Incunabulum of Combat Magic
   (You found it on level 2 of the Dungeon)

   Spells                             Type                      Level
   a - Magic Dart                     Conjuration                  1
Comestibles
 f - 3 bread rations
 h - a royal jelly
 p - 3 meat rations


   Skills:
 + Level 4.2 Fighting
 + Level 4.7 Short Blades
 + Level 4.6 Armour
 + Level 1.4 Dodging
 + Level 5.0 Shields


You had 5 spell levels left.
You didn't know any spells.

Dungeon Overview and Level Annotations

Branches:
Dungeon (3/15)

Altars:
Kikubaaqudgha
Ru
Sif Muna
Vehumet
The Shining One

Annotations:
D:3 1 runed door, Grinder


Message History

You puncture Grinder!
Grinder is severely wounded.
You block Grinder's attack.
You hit Grinder but do no damage.
Grinder is severely wounded.
Grinder hits you but does no damage.
You hit Grinder.
Grinder is severely wounded.
Grinder closely misses you.
You hit Grinder.
Grinder is almost dead.
Grinder barely misses you.
Your shield prevents you from hitting Grinder.
Grinder is almost dead.
You block Grinder's attack.
You closely miss Grinder.
Grinder is almost dead.
Grinder gestures at you. Pain shoots through your body!
You die...

####.##.# #.##.# #.#.##..
.....##.# #.##.# #.#.# #.
.######.# #.##.# #.#.# ## .#
####.###### #.##.# #.#)#### .#
#.........# #.##.# #.#.....
.###.##..###.# #.##.####...####
..##)##..# #.# #.##....†..[#
...#.....###.#####.#########.##
......##..†....5@..#########..##
...#..######.##...........##...#
..##..# #.##.#########.##.#.##
.###..######.##.......# #....#.#.
.###.........##.#####.###....#^##
.##.###.#######.#####........#.#.
...## ##...........[#####....####
##.# #........###.............)
#.## ##.######.# #######.##>....


You could see Grinder.

Vanquished Creatures
  The ghost of Alfie the Skirmisher, an amateur HOFi (D:3)
  Natasha (thrice) (D:3)
  An orc wizard (D:3)
  3 gnolls (D:3)
  7 adders
  5 worms
  2 leopard geckos (D:2)
  8 orcs (D:3)
  2 ball pythons (D:1)
  2 giant cockroaches (D:3)
  9 goblins
  9 hobgoblins
  4 jackals
  6 kobolds
  A quokka (D:2)
  10 bats
  7 rats
80 creatures vanquished.

Notes
Turn   | Place    | Note
-------+----------+-------------------------------------------
     0 | D:1      | Alfie the Hill Orc Fighter began the quest for the Orb.
     0 | D:1      | Reached XP level 1. HP: 19/19 MP: 1/1
   103 | D:1      | Reached XP level 2. HP: 26/26 MP: 2/2
   628 | D:2      | Reached XP level 3. HP: 22/33 MP: 3/3
   826 | D:2      | Reached skill level 4 in Shields
   851 | D:2      | Reached XP level 4. HP: 12/40 MP: 4/4
  1223 | D:2      | Found a radiant altar of Vehumet.
  1223 | D:2      | Found an ancient bone altar of Kikubaaqudgha.
  1224 | D:2      | Found a deep blue altar of Sif Muna.
  1231 | D:2      | Identified Vehumet's Incunabulum of Combat Magic
  1287 | D:3      | Noticed Alfie's ghost (amateur HOFi)
  1344 | D:3      | Killed Alfie's ghost
  1344 | D:3      | Reached skill level 1 in Dodging
  1344 | D:3      | Reached XP level 5. HP: 5/46 MP: 5/5
  1344 | D:3      | Reached XP level 6. HP: 5/52 MP: 6/6
  1514 | D:3      | Found a glowing golden altar of the Shining One.
  1515 | D:3      | Noticed an angel
  1559 | D:3      | Found a runed door.
  1739 | D:3      | Found a sacrificial altar of Ru.
  1895 | D:3      | Noticed Natasha
  1902 | D:3      | Killed Natasha
  1953 | D:3      | Noticed Natasha
  1963 | D:3      | Killed Natasha
  2014 | D:3      | Reached skill level 5 in Shields
  2156 | D:3      | Noticed Natasha
  2161 | D:3      | Killed Natasha
  2197 | D:3      | Noticed Grinder
  2252 | D:3      | Killed from afar by Grinder

Skill      XL: |  1  2  3  4  5  6 |
---------------+-------------------+-----
Shields        | 4 5 |  5.0
Short Blades   | 3 4 |  4.7
Armour         | 4 |  4.6
Fighting       | 4 |  4.2
Dodging        | 1 |  1.4

Action                   |  1- 3 |  4- 6 || total
-------------------------+-------+-------++-------
Melee: Rapier            |   115 |   223 ||   338
  Use: Potion            |       |     3 ||     3
  Eat: Royal jelly       |       |     3 ||     3
Armor: Scale mail        |    65 |    75 ||   140
Dodge: Dodged            |    51 |    57 ||   108
Block: Shield            |    87 |   105 ||   192
